 Dungeon Crawl Stone Soup version 0.31.0-11-ge490571c62 (webtiles) character file.

Game seed: 5832103452008719576

1632927 oldriver the Conqueror (level 27, 199/199 HPs)
             Began as a Gargoyle Fighter on Jan 27, 2024.
             Was a High Priest of Hepliaklqana.
             Escaped with the Orb
             ... and 3 runes!
             The game lasted 02:32:07 (79122 turns).

oldriver the Conqueror (Gargoyle Fighter)          Turns: 79122, Time: 02:32:08

Health: 199/199    AC: 71    Str: 34    XL:     27
Magic:  30/30      EV: 14    Int:  9    God:    Hepliaklqana [*****.]
Gold:   7872       SH: 18    Dex: 15    Spells: 26/26 levels left

rFire   + + .        a - +9 war axe (heavy)
rCold   + + +        E - +1 kite shield {AC+3}
rNeg    + + .        H - +12 gold dragon scales
rPois   ∞            w - +1 hat of Starshine {rC+ rN+ Will+}
rElec   +            z - scarf {rC+ rF+}
rCorr   +            C - +2 pair of gloves
SInv    .            F - +0 pair of boots {Stlth+}
Will    ++++.        f - amulet of regeneration Stlth
                     m - ring "Yreewix" {Will+ Dex+6}
HPRegen 1.33/turn    o - ring of resist corrosion
MPRegen 0.22/turn

%: no passive effects
@: flying, studying 2 skills
A: reduced essence, sickness immunity, AC +20, big wings, negative energy
resistance 1, electricity resistance, torment resistance 1, petrification
resistance, horns 1, talons 1, iridescent scales 1, robust 1
0: Orb of Zot
}: 3/15 runes: barnacled, silver, gossamer
a: Renounce Religion, Recall Ancestor, Ancestor Identity, Transference, Idealise


You escaped.
You worshipped Hepliaklqana.
Hepliaklqana was extremely pleased with you.
You visited 11 branches of the dungeon, and saw 54 of its levels.
You visited the Abyss 4 times.
You also visited: Ossuary, Gauntlet, Ice Cave and Volcano.

You collected 13225 gold pieces.
You spent 5353 gold pieces at shops.

Inventory:

Hand Weapons
 a - a +9 heavy war axe (weapon)
 b - a +4 eveningstar of holy wrath
Missiles
 t - 46 silver javelins
 Z - 10 curare-tipped darts
Armour
 w - the +1 hat of Starshine (worn) {rC+ rN+ Will+}
   (You found it on level 4 of the Dungeon)

   rC+:       It protects you from cold.
   rN+:       It protects you from negative energy.
   Will+:     It increases your willpower.
 z - a scarf of resistance (worn)
 C - a +2 pair of gloves (worn)
 E - a +1 kite shield of protection (worn)
 F - a +0 pair of boots of stealth (worn)
 H - +12 gold dragon scales (worn)
Jewellery
 f - an amulet of regeneration (around neck)
 m - the ring "Yreewix" (left hand) {Will+ Dex+6}
   (You bought it in a shop on level 2 of the Orcish Mines)

   [ring of dexterity]

   Dex+6:     It affects your dexterity (+6).
   Will+:     It increases your willpower.
 o - a ring of resist corrosion (right hand)
Wands
 g - a wand of charming (24)
 y - a wand of iceblast (101)
 A - a wand of mindburst (37)
 I - a wand of digging (22)
 R - a wand of light (27)
Scrolls
 e - 14 scrolls of fear
 h - 2 scrolls of amnesia
 i - a scroll of summoning
 n - 2 scrolls of enchant weapon
 r - 11 scrolls of poison
 s - a scroll of enchant armour
 K - 13 scrolls of teleportation
 N - 3 scrolls of fog
 O - 5 scrolls of blinking
 Q - 3 scrolls of revelation
 T - 2 scrolls of brand weapon
 W - 2 scrolls of silence
Potions
 d - 3 potions of might
 j - 9 potions of cancellation
 k - 5 potions of berserk rage
 l - 6 potions of mutation
 p - 5 potions of haste
 q - 8 potions of invisibility
 u - 28 potions of curing
 v - 9 potions of heal wounds
 x - 4 potions of enlightenment
 B - 12 potions of brilliance
 J - 7 potions of attraction
 L - 7 potions of magic
 M - 2 potions of resistance
 X - 13 potions of ambrosia
Miscellaneous
 c - a condenser vane
 D - a phial of floods
 S - a phantom mirror
 U - a box of beasts


   Skills:
 O Level 27 Fighting
 - Level 18.0 Axes
 - Level 8.0 Throwing
 O Level 27 Armour
 - Level 12.0 Dodging
 - Level 14.0 Stealth
 + Level 25.5 Shields
 - Level 10.0 Invocations
 - Level 14.0 Evocations


You had 26 spell levels left.
You didn't know any spells.
Your spell library contained the following spells:

 Spells                   Type           Power      Damage    Failure   Level
 Apportation              Tloc           0%         N/A       88%         1
 Foxfire                  Conj/Fire      0%         2x1d4     88%         1
 Kiss of Death            Conj/Necr      0%         2d5       88%         1
 Magic Dart               Conj           0%         1d3       88%         1
 Necrotise                Necr           0%         1d4       88%         1
 Sandblast                Erth           0%         2d4       88%         1
 Shock                    Conj/Air       0%         1d3       88%         1
 Sting                    Conj/Alch      0%         1d3       88%         1
 Summon Small Mammal      Summ           0%         N/A       88%         1
 Blink                    Tloc           0%         N/A       95%         2
 Call Imp                 Summ           0%         N/A       95%         2
 Ensorcelled Hibernation  Hex/Ice        0%         N/A       95%         2
 Jinxbite                 Hex            0%         N/A       95%         2
 Lesser Beckoning         Tloc           0%         N/A       95%         2
 Mercury Vapours          Alch/Air       0%         N/A       95%         2
 Momentum Strike          Conj/Tloc      0%         3d8       95%         2
 Searing Ray              Conj           0%         2d4       95%         2
 Call Canine Familiar     Summ           0%         N/A       99%         3
 Confusing Touch          Hex            0%         N/A       99%         3
 Dazzling Flash           Conj/Hex       0%         N/A       99%         3
 Frozen Ramparts          Ice            0%         1d1       99%         3
 Fugue of the Fallen      Necr           0%         N/A       99%         3
 Hailstorm                Conj/Ice       0%         3d5       99%         3
 Inner Flame              Hex/Fire       0%         N/A       99%         3
 Mephitic Cloud           Conj/Alch/Air  0%         N/A       99%         3
 Ozocubu's Armour         Ice            0%         N/A       99%         3
 Passwall                 Erth           0%         N/A       99%         3
 Sigil of Binding         Hex            0%         N/A       99%         3
 Stone Arrow              Conj/Erth      0%         3d7       99%         3
 Summon Ice Beast         Ice/Summ       0%         N/A       99%         3
 Swiftness                Air            0%         N/A       99%         3
 Tukima's Dance           Hex            0%         N/A       99%         3
 Vampiric Draining        Necr           0%         2d6       99%         3
 Volatile Blastmotes      Fire/Tloc      0%         2d10      99%         3
 Anguish                  Hex/Necr       0%         N/A       100%        4
 Animate Armour           Summ/Erth      0%         N/A       100%        4
 Brom's Barrelling Bould  Conj/Erth      0%         2d3       100%        4
 Cause Fear               Hex            0%         N/A       100%        4
 Dimensional Bullseye     Hex/Tloc       0%         N/A       100%        4
 Dispel Undead            Necr           0%         3d6       100%        4
 Flame Wave               Conj/Fire      0%         2d4       100%        4
 Fulminant Prism          Conj/Alch      0%         3d5       100%        4
 Ignite Poison            Fire/Alch      0%         N/A       100%        4
 Iskenderun's Mystic Bla  Conj/Tloc      0%         2d3       100%        4
 Leda's Liquefaction      Alch/Erth      0%         N/A       100%        4
 Manifold Assault         Tloc           0%         N/A       100%        4
 Martyr's Knell           Necr/Summ      0%         N/A       100%        4
 Olgreb's Toxic Radiance  Alch           0%         N/A       100%        4
 Passage of Golubria      Tloc           0%         N/A       100%        4
 Petrify                  Alch/Erth      0%         N/A       100%        4
 Sticky Flame             Fire/Alch      0%         2d4       100%        4
 Summon Lightning Spire   Summ/Air       0%         N/A       100%        4
 Vhi's Electric Charge    Tloc/Air       0%         N/A       100%        4
 Alistair's Intoxication  Alch           0%         N/A       100%        5
 Arcjolt                  Conj/Air       0%         1d10      100%        5
 Borgnjor's Vile Clutch   Necr/Erth      0%         N/A       100%        5
 Curse of Agony           Necr           0%         N/A       100%        5
 Fireball                 Conj/Fire      0%         3d3       100%        5
 Freezing Cloud           Conj/Ice/Air   0%         6-21      100%        5
 Irradiate                Conj/Alch      0%         3d11      100%        5
 Iskenderun's Battlesphe  Conj           0%         2d6       100%        5
 Metabolic Englaciation   Hex/Ice        0%         N/A       100%        5
 Silence                  Hex/Air        0%         N/A       100%        5
 Summon Forest            Summ/Tloc      0%         N/A       100%        5
 Summon Mana Viper        Hex/Summ       0%         N/A       100%        5
 Yara's Violent Unravell  Hex/Alch       0%         3d3       100%        5
 Bombard                  Conj/Erth      0%         9d1       100%        6
 Conjure Ball Lightning   Conj/Air       0%         3x3d6     100%        6
 Dispersal                Tloc           0%         N/A       100%        6
 Eringya's Noxious Bog    Alch           0%         4d6       100%        6
 Plasma Beam              Fire/Air       0%         2x1d10    100%        6
 Sculpt Simulacrum        Ice/Alch       0%         N/A       100%        6
 Starburst                Conj/Fire      0%         6d3       100%        6
 Summon Cactus Giant      Summ           0%         N/A       100%        6
 Malign Gateway           Summ/Tloc      0%         N/A       100%        7
 Monstrous Menagerie      Summ           0%         N/A       100%        7
 Ozocubu's Refrigeration  Ice            0%         4d7       100%        7
 Spellforged Servitor     Conj/Summ      0%         N/A       100%        7
 Summon Hydra             Summ           0%         N/A       100%        7
 Discord                  Hex            0%         N/A       100%        8
 Disjunction              Tloc           0%         N/A       100%        8
 Lehudib's Crystal Spear  Conj/Erth      0%         10d2      100%        8
 Maxwell's Capacitive Co  Air            0%         ∞         100%        8
 Summon Horrible Things   Summ           0%         N/A       100%        8
 Chain Lightning          Conj/Air       0%         N/A       100%        9
 Dragon's Call            Summ           0%         N/A       100%        9
 Polar Vortex             Ice            0%         N/A       100%        9
 Shatter                  Erth           0%         3d5*      100%        9
 Cigotuvi's Dreadful Rot  Necr/Alch/Air  Unusable   N/A       N/A         2
 Sublimation of Blood     Necr           Unusable   N/A       N/A         2

Dungeon Overview and Level Annotations

Branches:
Dungeon (15/15)            Temple (0/1) D:6            Lair (5/5) D:11
 Shoals (4/4) Lair:3       Spider (4/4) Lair:2        Slime (4/5) Lair:4
    Orc (2/2) D:12            Elf (3/3) Orc:2        Vaults (5/5) D:13
  Crypt (3/3) Vaults:2       Tomb (0/3) Crypt:3      Depths (4/4) D:15
    Zot (5/5) Depths:4    Ossuary (visited)           IceCv (visited)
Volcano (visited)         Gauntlet (visited)

Altars:
Ashenzari
Cheibriados
Elyvilon
Fedhas
Gozag
Hepliaklqana
Kikubaaqudgha
Nemelex Xobeh
Qazlal
Sif Muna
Trog
Uskayaw
Wu Jian
Zin
The Shining One
Jiyva

Shops:
D:11 :   Orc:2 *([*=   Shoals:1 [   Shoals:2 (   Vaults:1 !   Vaults:4 ?

Portals:
Hell: Depths:1 Depths:2 Depths:3 Depths:4
Abyss: Depths:1 Depths:3 Depths:4
Pandemonium: Depths:2 Depths:3
Ziggurat: Depths:2
Trove: Vaults:1 (give 9 potions of haste)

Annotations:
Lair:4 exclusion: 4 oklob plants
Shoals:1 Donald


Innate Abilities, Weirdness & Mutations

Your life essence is reduced to manifest your ancestor. (-10% HP)
You are immune to sickness and miasma.
Your stone body is resilient. (AC +20)
You are immune to poison.
Your large and strong wings let you fly.
You resist negative energy. (rN+)
You are resistant to electric shocks. (rElec)
You are resistant to unholy torment.
You are immune to petrification.
You have a pair of small horns on your head.
You have sharp toenails.
You are partially covered in iridescent scales. (AC +2)
You are robust. (+10% HP)


Message History

An efreet comes into view.
It is wielding a +0 scimitar of flaming.
There is a stone staircase leading up here.
You fly upwards.
There is a stone staircase leading down here.
What level of the Dungeon? (default 1, ? - help)
A hellwing comes into view.
The hellwing gives a chilling moan.
You block the hellwing's attack. x2
You closely miss the hellwing. You block the hellwing's attack. x2
You slice the hellwing!!
The hellwing is heavily wounded.
The hellwing hits you but does no damage.
You block the hellwing's attack.
You slash the hellwing!
You headbutt the hellwing, but do no damage.
The hellwing is severely wounded.
The hellwing closely misses you.
The hellwing hits you but does no damage.
You chop the hellwing into pieces!!!
You kill the hellwing!
What level of the Dungeon? (default 1, ? - help)
You reach down and open the door.
There is an open door here.
There is a stone staircase leading up here.
You fly upwards.
There is a stone staircase leading down here.
Aiming: Dig
Press: ? - help, Shift-Dir - straight line A rock wall.
This square is covered in magical glow.
The rock shatters into small pieces.
You reach down and open the door.
There is an open door here.
Aiming: Dig
Press: ? - help, Shift-Dir - straight line A rock wall.
This square is covered in magical glow.
The rock shatters into small pieces.
There is a staircase leading out of the dungeon here.
You have escaped!

~PP..###.'.........###.........'.
~~~..# ###..####.### ###.####..#.
P~...## #...###.# #.###.#.##
P~~...# #.#..#.## ##.#.##.#
###...# #.##..## ##.###.# #...#
#.##...## ##)#.##.#
#.######.#.##..# #.###.#.#
#......#..####.### ###.####..##
######.6......@..###.........'.
####2####.##.#.##.####.###
##.###.###.###.###.###.
##.##.##.#.##.##.## ##
####.#.#.###.#.#.##
#.###...#####...####### #.#
##.........## #.... #.##
#'#######'## ####.
#..###.##.#.#...### #.


You could see a demonspawn black sun (wandering) and a shadow demon (wandering).

Vanquished Creatures
  2 dread liches
  Khufu (Crypt:3)
  2 ancient liches
  3 orbs of fire
  2 juggernauts
  3 royal mummies
  A Killer Klown (Zot:5)
  Margery (Vaults:1)
  3 caustic shrikes (Depths:3)
  A curse toe (Zot:5)
  5 golden dragons
  the Enchantress (Depths:4)
  Jory (Depths:3)
  Arachne (Spider:2)
  A bone dragon (Abyss:3)
  2 electric golems
  13 Orb Guardians (Zot:5)
  13 tentacled monstrosities
  2 walking crystal tomes (Depths:2)
  6 liches
  8 quicksilver dragons
  A titan (Vaults:5)
  2 deep elf blademasters
  A deep elf master archer (Elf:3)
  3 acid blobs
  3 ancient champions
  3 sphinxes
  An Executioner (Abyss:3)
  6 tentacled starspawn
  6 death cobs
  11 tengu reavers
  10 storm dragons
  8 shadow dragons
  Roxanne (Spider:1)
  A draconian monk (Zot:4)
  Aizul (Shoals:1)
  5 draconian shifters
  2 emperor scorpions
  A protean progenitor (Zot:1)
  A demonspawn warmonger (Depths:4)
  A nagaraja (Vaults:2)
  12 fire giants
  8 frost giants
  The ghost of brilapsti the Carver, a journeyman DrMo of Okawaru (Orc:1)
  A rockslime (Slime:2)
  A revenant (Crypt:3)
  An iron dragon (Depths:3)
  10 deep elf sorcerers
  5 draconian knights
  A draconian scorcher (Zot:4)
  4 ghost moths
  6 ghouls
  Louise (D:14)
  A balrug (Depths:4)
  11 vault wardens
  2 orc warlords
  4 deep elf elementalists
  A curse skull (Crypt:2)
  5 formless jellyfish
  An angel (Shoals:4)
  2 draconian stormcallers
  3 draconian annihilators
  A spriggan defender (Depths:4)
  17 very ugly things
  A quicksilver ooze (Slime:1)
  17 ironbound preservers
  A juggernaut skeleton (Depths:2)
  2 vampire knights
  A broodmother (Spider:4)
  9 stone giants
  An apis (Shoals:4)
  11 deep elf death magi
  7 black draconians
  6 deep elf demonologists
  6 ironbound thunderhulks
  4 green draconians
  4 yellow draconians
  3 deep elf annihilators
  7 red draconians
  A minotaur (Gauntlet)
  16 purple draconians
  A war gargoyle (Vaults:5)
  6 white draconians
  3 dire elephants
  4 spark wasps
  2 spectral titans (Crypt:3)
  Azrael (D:15)
  7 ettins
  6 merfolk javelineers
  A blizzard demon (Gauntlet)
  A crystal guardian (Vaults:4)
  3 eidola (Crypt:3)
  7 fire dragons
  3 spectral quicksilver dragons (Crypt:3)
  10 yaktaur captains
  8 merfolk impalers
  A spectral spriggan (Crypt:3)
  6 jiangshi
  3 entropy weavers
  4 great orbs of eyes
  A salamander tyrant (Depths:1)
  3 hydras
  4 rakshasas
  4 ice dragons
  19 vault guards
  A catoblepas (Lair:3)
  A juggernaut simulacrum (Depths:2)
  A caustic shrike simulacrum (Crypt:3)
  A spriggan air mage (Depths:4)
  A hell beast (Depths:2)
  A peacekeeper (Vaults:3)
  4 ironbound frosthearts
  2 radroaches
  2 sphinx zombies (D:15)
  5 ogre magi
  An alligator snapping turtle (Shoals:3)
  A spectral stone giant (Crypt:3)
  3 deep troll shamans
  8 boulder beetles
  8 centaur warriors
  A naga warrior (Abyss:3)
  A satyr (Shoals:3)
  5 merfolk aquamancers
  A merfolk avatar (Shoals:1)
  16 two-headed ogres
  19 dancing weapons
  2 death yaks (Shoals:4)
  3 demonic crawlers
  5 deep troll earth magi
  An occultist (Depths:2)
  8 thrashing horrors
  3 spectral storm dragons (Crypt:3)
  4 tengu warriors
  A spectral dire elephant (Crypt:3)
  3 orc high priests (Orc:2)
  3 vampire magi
  A spriggan berserker (Depths:4)
  9 hell knights
  A storm dragon zombie (D:15)
  Urug (D:10)
  3 sun demons
  3 skysharks
  4 deep elf knights
  2 soul eaters
  3 wretched stars
  A sixfirhy (Abyss:3)
  A spectral spark wasp (Depths:2)
  2 shadow wraiths (Crypt:2)
  11 skeletal warriors
  A spark wasp zombie (Crypt:3)
  2 orb spiders
  A spectral bunyip (Crypt:3)
  A glowing orange brain (shapeshifter) (Vaults:5)
  6 iron trolls
  A quicksilver dragon simulacrum (Depths:2)
  2 pharaoh ants (Spider:1)
  5 flayed ghosts
  4 bog bodies
  4 glowing orange brains
  23 deep trolls
  4 phantasmal warriors
  5 sea snakes
  4 deep elf archers
  6 arcanists
  4 steelbarb worms
  4 large abominations
  A mana viper (shapeshifter) (Vaults:5)
  15 harpies
  7 ironbound convokers
  4 lindwurms
  4 orc knights
  Pikel (D:4)
  25 deep elf pyromancers
  A battlemage (Spider:4)
  2 necromancers
  A fire giant zombie (Depths:2)
  20 deep elf zephyrmancers
  3 orc sorcerers
  A shining eye (shapeshifter) (Vaults:5)
  A faun (Shoals:3)
  42 ugly things
  A tengu skeleton (Depths:2)
  An oklob plant (Gauntlet)
  12 wolf spiders
  A salamander (shapeshifter) (D:13)
  6 cyclopes
  A stone giant skeleton (Crypt:2)
  14 moths of wrath
  3 salamanders
  11 manticores
  A shadow dragon skeleton (Crypt:2)
  A kobold blastminer (Orc:1)
  5 merfolk sirens
  4 meliai
  An eye of devastation (Abyss:3)
  2 black mambas
  9 elephants
  A gargoyle (D:12)
  5 smoke demons
  10 vault sentinels
  4 water nymphs
  2 ice statues (IceCv)
  A molten gargoyle (Volcano)
  An elephant slug zombie (Crypt:1)
  9 cane toads
  26 yaktaurs
  3 rime drakes
  2 komodo dragons (D:11)
  A spark wasp simulacrum (Depths:2)
  3 kobold demonologists
  9 freezing wraiths
  2 tengu conjurers
  3 guardian mummies
  A spectral naga (Crypt:3)
  3 trolls (D:12)
  A queen bee (Lair:1)
  2 ancient zymes (Abyss:3)
  2 hellwings
  2 polar bears (D:13)
  15 merfolk
  A tyrant leech (Lair:5)
  A glass eye (Slime:3)
  A wolf spider simulacrum (Gauntlet)
  3 wind drakes
  10 raiju
  9 tarantellas
  4 hornets (Spider:4)
  5 blink frogs
  3 dream sheep
  A meliai zombie (Crypt:2)
  19 jumping spiders
  2 snapping turtles
  17 culicivoras
  An air elemental (Elf:1)
  4 shadows
  38 slime creatures
  10 starcursed masses (Abyss:3)
  9 water elementals
  2 vampires (D:9)
  8 wraiths
  A hog (shapeshifter) (D:15)
  5 wyverns
  3 ynoxinuls
  An ettin skeleton (Crypt:1)
  5 steam dragons
  A wyvern (shapeshifter) (D:9)
  5 fire elementals
  6 wargs
  30 yaks
  2 neqoxecs (Abyss:3)
  2 fire bats (Volcano)
  2 vampire mosquitoes
  48 redbacks
  A basilisk (Lair:5)
  A swamp worm (shapeshifter) (Vaults:5)
  A faun zombie (Crypt:2)
  3 acid dragons
  A merfolk zombie (Crypt:2)
  6 water moccasins
  3 hell hounds
  A hydra simulacrum (Gauntlet)
  25 orc warriors
  A sky beast (D:7)
  2 black bears
  2 ice beasts
  27 laughing skulls
  A swamp dragon zombie (Crypt:2)
  6 ogres
  12 centaurs
  A boggart (Vaults:1)
  15 wolves
  A lemure (D:3)
  8 kobold brigands
  A weeping skull (Abyss:3)
  11 bullfrogs
  4 gnoll sergeants
  A brain worm (Abyss:3)
  An earth elemental (Elf:2)
  A scorpion (D:5)
  A water moccasin zombie (Crypt:1)
  8 small abominations
  28 killer bees
  A lindwurm simulacrum (IceCv)
  8 howler monkeys
  4 bombardier beetles
  5 komodo dragon simulacra (IceCv)
  3 lava snakes (Volcano)
  3 jellies
  A sleepcap (D:5)
  6 hounds
  A quasit (Abyss:3)
  10 orc priests
  2 human skeletons (Crypt:1)
  An iguana (D:4)
  21 orc wizards
  An ice beast zombie (Crypt:1)
  7 mummies
  10 gnolls
  5 acid dragon simulacra (IceCv)
  7 adders
  A shadow imp (D:8)
  A steam dragon skeleton (Crypt:1)
  A white imp (D:6)
  3 ufetubi (Abyss:3)
  5 steam dragon simulacra (IceCv)
  An adder zombie (Ossuary)
  3 ribbon worms
  5 dart slugs
  47 orcs
  5 endoplasms
  A giant cockroach (D:2)
  3 goblins
  8 hobgoblins
  4 jackals (D:1)
  27 kobolds
  2 quokkas (D:5)
  4 ball pythons
  5 bats
  A frilled lizard (D:3)
  A gnoll zombie (Ossuary)
  A goblin zombie (Ossuary)
  A jackal zombie (Ossuary)
  5 kobold skeletons (D:8)
  7 kobold zombies
  An orc zombie (Ossuary)
  10 rats
  2 rat zombies (Ossuary)
  3 starspawn tentacles (Abyss:3)
  3 tentacles (Shoals:2)
1678 creatures vanquished.

Vanquished Creatures (collateral kills)
  A dread lich (Zot:5)
  An ancient lich (Vaults:5)
  8 orbs of fire
  A juggernaut (Depths:2)
  Xtahua (Crypt:3)
  Parghit (Depths:3)
  5 Killer Klowns
  A curse toe (Zot:3)
  3 golden dragons
  A bone dragon (Abyss:3)
  An electric golem (Zot:5)
  9 tentacled monstrosities
  A deep elf blademaster (Elf:3)
  Zenata (Crypt:2)
  An Ice Fiend (Depths:1)
  10 Orb Guardians (Zot:5)
  Jorgrun (D:13)
  3 titans (Vaults:5)
  3 liches
  Asterion (Spider:3)
  5 quicksilver dragons
  2 sphinxes
  An Executioner (Depths:4)
  5 ancient champions
  A searing wretch (Vaults:2)
  A kraken (Shoals:2)
  A deep elf master archer (Elf:3)
  3 death cobs
  6 storm dragons
  Agnes (D:15)
  2 tentacled starspawn (Abyss:3)
  An azure jelly (Slime:1)
  4 tengu reavers
  5 shadow dragons
  A demonspawn warmonger (Depths:4)
  5 draconian monks
  A rockslime (Slime:2)
  A revenant (Crypt:3)
  A fire giant (Vaults:5)
  3 deep elf sorcerers
  2 iron dragons
  A draconian scorcher (Zot:5)
  3 orc warlords
  4 draconian shifters
  2 ghouls
  A spectral juggernaut (Crypt:3)
  6 vault wardens
  A frost giant (Vaults:5)
  3 ghost moths
  A curse skull (Crypt:3)
  5 deep elf elementalists
  4 draconian stormcallers
  2 spriggan defenders (Depths:4)
  An angel (Abyss:3)
  4 draconian annihilators
  10 very ugly things
  7 ironbound preservers
  A formless jellyfish (Vaults:1)
  4 green draconians
  A vampire knight (Crypt:2)
  An apis (Shoals:4)
  2 black draconians
  A red draconian (Zot:2)
  7 ironbound thunderhulks
  5 stone giants
  3 deep elf demonologists
  5 spark wasps
  7 purple draconians
  3 deep elf death magi
  2 deep elf annihilators (Elf:3)
  7 white draconians
  4 yellow draconians
  A crystal guardian (Vaults:4)
  3 dire elephants
  3 eidola (Crypt:3)
  2 spectral quicksilver dragons (Crypt:3)
  5 jiangshi
  6 merfolk javelineers (Shoals:4)
  A fire dragon (Depths:3)
  3 yaktaur captains
  3 ettins
  A deep elf high priest (Elf:3)
  4 merfolk impalers
  Josephine (D:15)
  Fannar (Lair:2)
  22 vault guards
  An entropy weaver (Spider:2)
  2 great orbs of eyes
  A salamander tyrant (Depths:2)
  5 ironbound frosthearts
  5 centaur warriors
  4 ice dragons
  3 hydras
  4 rakshasas
  A peacekeeper (Vaults:4)
  An alligator snapping turtle (Shoals:4)
  A merfolk avatar (Shoals:1)
  An ogre mage (D:15)
  4 death knights
  2 catoblepae
  A juggernaut simulacrum (Crypt:3)
  4 two-headed ogres
  20 dancing weapons
  2 merfolk aquamancers
  A satyr (Shoals:4)
  3 deep troll earth magi
  A deep troll shaman (Depths:3)
  3 demonic crawlers
  A spectral storm dragon (Crypt:3)
  A tengu warrior (Depths:2)
  A soul eater (Crypt:3)
  A thrashing horror (Abyss:3)
  A hell hog (Depths:4)
  4 vampire magi
  2 orc high priests
  11 deep elf knights
  Sonja (Lair:3)
  5 hell knights
  3 iron trolls
  A sixfirhy (Abyss:2)
  3 wretched stars (Abyss:3)
  2 pharaoh ants
  2 shadow wraiths (Crypt:3)
  2 goliath frogs (Lair:5)
  8 skeletal warriors
  8 flayed ghosts
  2 sea snakes (Shoals:1)
  3 bog bodies (Shoals:1)
  8 orb spiders
  3 cherubim (Shoals:4)
  26 deep trolls
  A spectral anaconda (Crypt:3)
  A sun moth (Spider:2)
  4 arcanists
  2 deep elf archers (Elf:2)
  3 steelbarb worms
  5 ironbound convokers
  4 lindwurms
  3 necromancers
  4 orc knights
  A spectral hydra (Crypt:3)
  9 harpies
  An eye of devastation (shapeshifter) (Vaults:5)
  10 wolf spiders
  2 fauns (Shoals:3)
  A shining eye (Slime:1)
  6 phantasmal warriors
  23 ugly things
  An orb spider (shapeshifter) (Vaults:5)
  17 deep elf pyromancers
  16 deep elf zephyrmancers
  6 cyclopes
  7 manticores
  3 orc sorcerers (Orc:2)
  2 salamanders (Depths:1)
  2 elephants
  A salamander (shapeshifter) (Depths:2)
  2 worldbinders
  2 meliai (Spider:1)
  12 moths of wrath
  A kobold blastminer (Orc:1)
  A goliath frog skeleton (Crypt:1)
  2 spectral centaurs (Crypt:3)
  A merfolk siren (Shoals:4)
  5 water nymphs
  An eye of devastation (Slime:3)
  6 smoke demons (Abyss:3)
  9 vault sentinels
  A molten gargoyle (Volcano)
  4 rime drakes
  2 gargoyles
  8 cane toads
  2 torpor snails (shapeshifter)
  A dire elephant skeleton (Crypt:3)
  10 freezing wraiths
  4 komodo dragons
  7 kobold demonologists
  2 large abominations (Abyss:2)
  2 tengu conjurers
  15 yaktaurs
  A catoblepas skeleton (Crypt:3)
  2 ice devils
  A bunyip simulacrum (Crypt:2)
  An ancient zyme (Abyss:3)
  3 hydra zombies
  2 spectral harpies (Crypt:3)
  6 trolls
  An unseen horror skeleton (Crypt:2)
  A merfolk (shapeshifter) (Vaults:5)
  4 guardian mummies
  2 hellwings (Abyss:3)
  2 polar bears
  A sun moth zombie (Crypt:2)
  2 tyrant leeches (Lair:5)
  11 merfolk
  3 raiju
  14 tarantellas
  A harpy skeleton (Crypt:2)
  An iron dragon simulacrum (Abyss:3)
  3 hornets
  2 wind drakes
  7 blink frogs
  2 glass eyes
  6 snapping turtles
  6 jumping spiders
  An ettin zombie (Crypt:3)
  7 wraiths
  A naga simulacrum (Crypt:2)
  Sigmund (D:5)
  44 slime creatures
  2 spriggans (Depths:4)
  8 culicivoras
  A shadow (Crypt:3)
  A centaur simulacrum (Gauntlet)
  3 ynoxinuls (Abyss:3)
  12 yaks
  2 air elementals
  A fire elemental (D:15)
  6 water elementals
  A wyvern (Lair:4)
  Eustachio (D:4)
  A chaos spawn (Abyss:3)
  A golden eye (Abyss:3)
  2 basilisks
  6 wargs
  2 neqoxecs (Abyss:3)
  2 steam dragons
  10 vampire mosquitoes
  8 small abominations
  41 redbacks
  A naga zombie (Abyss:2)
  5 water moccasins
  3 hell hounds
  A sky beast (D:6)
  19 orc warriors
  2 black bears (D:4)
  19 laughing skulls
  8 ogres
  2 centaurs (D:9)
  7 wolves
  An elephant zombie (Crypt:2)
  An elf zombie (Ossuary)
  A hog skeleton (Crypt:2)
  A kobold brigand (D:8)
  2 weeping skulls
  5 bullfrogs
  An elf skeleton (Crypt:1)
  An earth elemental (Elf:3)
  A warg zombie (Crypt:3)
  A necrophage (Crypt:3)
  5 gnoll sergeants (D:12)
  A hornet simulacrum (Gauntlet)
  A wight (D:9)
  2 water moccasin skeletons (Crypt:1)
  5 killer bees
  A shapeshifter skeleton (Crypt:3)
  4 howler monkeys
  3 electric eels
  A bombardier beetle (D:5)
  A quasit (Abyss:3)
  3 lava snakes (Volcano)
  2 gnoll boudas
  5 starcursed masses (Abyss:3)
  3 komodo dragon simulacra (IceCv)
  A jelly (D:8)
  A human zombie (Crypt:1)
  16 orc priests
  A hound (D:7)
  An iguana (D:4)
  4 sleepcaps
  Natasha (D:4)
  10 orc wizards
  A sky beast zombie (Crypt:1)
  9 mummies
  A howler monkey zombie (Crypt:3)
  7 adders
  6 gnolls
  An acid dragon simulacrum (IceCv)
  A shadow imp (D:8)
  A white imp (D:7)
  A steam dragon simulacrum (IceCv)
  3 ufetubi (Abyss:3)
  An iguana skeleton (Crypt:3)
  2 ribbon worms
  44 orcs
  2 endoplasms
  3 giant cockroaches
  A goblin (D:3)
  3 hobgoblins
  A bat (D:3)
  A goblin zombie (Ossuary)
  A jackal zombie (Ossuary)
  8 kobolds
  5 kobold skeletons (D:8)
  3 kobold zombies
  An orc skeleton (Crypt:3)
  A rat (D:3)
1186 creatures vanquished.

Vanquished Creatures (others)
  A golden dragon (Zot:3)
  A vault guard (Vaults:5)
  A merfolk aquamancer (Shoals:2)
  An orb spider (Spider:4)
  2 deep elf pyromancers
  An ugly thing (Depths:3)
  A redback (Spider:3)
  2 orc wizards
  94 battlemagi
  A kobold (D:10)
  A lurking horror (Abyss:2)
  21 starspawn tentacles
  2 tentacles (Shoals:2)
129 creatures vanquished.

Grand Total: 2993 creatures vanquished

Notes
Turn   | Place    | Note
-------+----------+-------------------------------------------
     0 | D:1      | oldriver the Gargoyle Fighter began the quest for the Orb.
     0 | D:1      | Reached XP level 1. HP: 14/14 MP: 1/1
   212 | D:1      | Reached XP level 2. HP: 15/19 MP: 2/2
   233 | D:1      | Found a faded altar of an unknown god.
   504 | D:1      | Reached XP level 3. HP: 24/24 MP: 3/3
   866 | D:1      | Prayed at the altar of an unknown god.
   866 | D:1      | Became a worshipper of Hepliaklqana the Forgotten
   866 | D:1      | Reached * piety under Hepliaklqana
   883 | D:2      | Found an ornate altar of the Wu Jian Council.
  1273 | D:2      | Reached XP level 4. HP: 24/26 MP: 4/4
  1321 | D:2      | Reached ** piety under Hepliaklqana
  1344 | D:2      | Remembered your ancestor Demetirus as a battlemage
  1716 | D:3      | Reached XP level 5. HP: 23/30 MP: 5/5
  2037 | D:3      | Reached XP level 6. HP: 36/36 MP: 6/6
  2125 | D:3      | Reached skill level 5 in Fighting
  2314 | D:4      | Noticed a black bear
  2319 | D:4      | Killed a black bear
  2372 | D:4      | Reached skill level 5 in Axes
  2481 | D:4      | Noticed Eustachio
  2489 | D:4      | Killed Eustachio
  2490 | D:4      | Reached XP level 7. HP: 32/41 MP: 7/7
  2499 | D:4      | Identified the +1 hat of Starshine {rC+ rN+ Will+}
  2554 | D:4      | Noticed Pikel
  2627 | D:4      | Killed Pikel
  2628 | D:4      | Reached XP level 8. HP: 29/47 MP: 8/8
  2875 | D:4      | Reached *** piety under Hepliaklqana
  2967 | D:4      | Noticed Natasha
  2971 | D:4      | Killed Natasha
  3068 | D:5      | Entered Level 5 of the Dungeon
  3262 | D:5      | Reached skill level 1 in Stealth
  3353 | D:5      | Found a sand-covered staircase.
  3426 | Ossuary  | Entered an ossuary
  3649 | D:5      | Reached XP level 9. HP: 54/54 MP: 9/9
  3753 | D:5      | Reached **** piety under Hepliaklqana
  4037 | D:5      | Noticed Sigmund
  4049 | D:5      | Killed Sigmund
  4362 | D:6      | Found a stormy altar of Qazlal.
  4364 | D:6      | Found a broken altar of Ashenzari.
  4366 | D:6      | Found a shimmering blue altar of Sif Muna.
  4366 | D:6      | Found an opulent altar of Gozag.
  4714 | D:6      | Found a snail-covered altar of Cheibriados.
  4732 | D:6      | Found a staircase to the Ecumenical Temple.
  4888 | D:6      | Reached skill level 1 in Invocations
  5613 | D:7      | Reached ***** piety under Hepliaklqana
  5619 | D:7      | Reached skill level 10 in Fighting
  5898 | D:7      | Reached XP level 10. HP: 54/61 MP: 11/11
  6319 | D:8      | Found a blossoming altar of Fedhas.
  7036 | D:8      | Found an ancient bone altar of Kikubaaqudgha.
  7037 | D:8      | Noticed a kobold demonologist
  7038 | D:8      | Noticed a soul eater
  7077 | D:8      | Killed a kobold demonologist
  7729 | D:9      | Found a sparkling altar of Nemelex Xobeh.
  7758 | D:9      | Noticed a centaur warrior
  7772 | D:9      | Killed a centaur warrior
  7773 | D:9      | Reached skill level 10 in Axes
  8007 | D:9      | Reached XP level 11. HP: 29/68 MP: 14/14
  8373 | D:9      | Noticed a two-headed ogre
  8380 | D:9      | Killed a two-headed ogre
  8710 | D:9      | Reached skill level 1 in Dodging
  8868 | D:9      | Noticed a sixfirhy
  8905 | D:10     | Entered Level 10 of the Dungeon
  9011 | D:10     | You fall into a shaft and drop 2 floors!
  9078 | D:11     | Noticed a deep elf pyromancer
  9080 | D:11     | Noticed a fire dragon
  9084 | D:11     | Noticed a two-headed ogre
  9110 | D:11     | Found a staircase to the Lair.
  9280 | D:11     | Found Fuam's Tremendous Tomes.
  9319 | D:11     | Reached skill level 5 in Armour
  9351 | D:11     | Found a gate leading to a gauntlet.
  9378 | Gauntlet | Entered a Gauntlet
  9378 | Gauntlet | Noticed an oklob plant
  9378 | Gauntlet | Found a transporter.
  9378 | Gauntlet | Found a transporter.
  9378 | Gauntlet | Found a transporter.
  9481 | Gauntlet | Found a transporter.
  9484 | Gauntlet | Found a transporter.
  9484 | Gauntlet | Found a transporter.
  9498 | Gauntlet | Found a transporter.
  9499 | Gauntlet | Found a transporter.
  9500 | Gauntlet | Found a large runed translucent door.
  9501 | Gauntlet | Found a large runed translucent door.
  9502 | Gauntlet | Found a large runed translucent door.
  9502 | Gauntlet | Found a large runed translucent door.
  9502 | Gauntlet | Found a runed translucent door.
  9503 | Gauntlet | Found a large runed translucent door.
  9504 | Gauntlet | Found a large runed translucent door.
  9505 | Gauntlet | Found a large runed translucent door.
  9505 | Gauntlet | Found a large runed translucent door.
  9506 | Gauntlet | Found a runed translucent gate.
  9510 | Gauntlet | Found a transporter.
  9542 | Gauntlet | Noticed a ghost crab
  9610 | Gauntlet | Found a transporter.
  9614 | Gauntlet | Found a transporter.
  9616 | Gauntlet | Found a large runed translucent door.
  9617 | Gauntlet | Found a large runed translucent door.
  9618 | Gauntlet | Found a large runed translucent door.
  9618 | Gauntlet | Found a large runed translucent door.
  9618 | Gauntlet | Found a runed translucent door.
  9619 | Gauntlet | Found a large runed translucent door.
  9620 | Gauntlet | Found a large runed translucent door.
  9621 | Gauntlet | Found a large runed translucent door.
  9621 | Gauntlet | Found a large runed translucent door.
  9622 | Gauntlet | Found a runed translucent gate.
  9622 | Gauntlet | Found a runed translucent gate.
  9624 | Gauntlet | Found a transporter.
  9659 | Gauntlet | Noticed a blizzard demon
  9823 | Gauntlet | Killed an oklob plant
  9856 | Gauntlet | Killed a blizzard demon
  9857 | Gauntlet | Reached skill level 5 in Invocations
 10079 | Gauntlet | Identified the ring of Gyisat {Fire *Corrode Int+6}
 10189 | Gauntlet | Noticed a minotaur
 10205 | Gauntlet | Killed a minotaur
 10206 | Gauntlet | Reached XP level 12. HP: 23/75 MP: 2/16
 10389 | Gauntlet | Got the Omnibus of Topography
 10544 | D:11     | Noticed a boulder beetle
 10554 | D:11     | Killed a boulder beetle
 10748 | D:11     | Killed a two-headed ogre
 10882 | D:11     | Identified the staff of Bycveuch {rC+ Int+5 Ice}
 10909 | D:11     | Got the Omnibus of Destruction and Adjuration
 10963 | D:10     | Found a glowing silver altar of Zin.
 10973 | D:10     | Reached ****** piety under Hepliaklqana
 11239 | D:10     | Noticed Urug
 11253 | D:10     | Killed Urug
 11288 | D:10     | Found an ancient bone altar of Kikubaaqudgha.
 11524 | D:10     | Found a bloodstained altar of Trog.
 11560 | D:10     | Identified the +5 halberd of Scorn {flame, rPois Str-5
                  | Int-5 Dex+10}
 11792 | D:11     | Killed a fire dragon
 12133 | D:11     | Got the Lessons on Helpful Cold
 12659 | Lair:1   | Entered Level 1 of the Lair of Beasts
 13085 | Lair:1   | Reached XP level 13. HP: 62/81 MP: 13/18
 13584 | Lair:2   | Reached skill level 15 in Fighting
 14196 | Lair:2   | Noticed Fannar
 14208 | Lair:2   | Killed Fannar
 14320 | Lair:2   | Found a hole to the Spider Nest.
 15163 | Lair:3   | Noticed Sonja
 15179 | Lair:3   | Killed Sonja
 15247 | Lair:3   | Reached skill level 1 in Throwing
 15899 | Lair:3   | Found a staircase to the Shoals.
 16050 | Lair:4   | Gained mutation: Your large and strong wings let you fly.
                  | [Gargoyle growth]
 16050 | Lair:4   | Reached XP level 14. HP: 79/90 MP: 19/19
 16297 | Lair:4   | Found a viscous altar of Jiyva.
 16297 | Lair:4   | Found a staircase to the Slime Pits.
 16612 | Lair:4   | Identified the +0 scale mail of the Grand Kodama {+Inv}
 17184 | Lair:5   | Entered Level 5 of the Lair of Beasts
 18137 | Lair:5   | Reached skill level 15 in Axes
 18650 | D:12     | Reached skill level 10 in Armour
 18746 | D:12     | Identified the +1 orcbow of Leurufid {freeze, Fly rElec
                  | rN+++ Dex-5}
 19102 | D:12     | Found a staircase to the Orcish Mines.
 19311 | D:12     | Identified the +10 sling of Uncomfortable Rashes {speed,
                  | rC+ Will+ Str+3}
 19314 | D:12     | Reached XP level 15. HP: 91/97 MP: 18/20
 20689 | D:13     | Noticed Jorgrun
 20699 | D:13     | Killed Jorgrun
 20725 | D:13     | Found a frozen archway.
 20791 | IceCv    | Entered an ice cave
 21059 | IceCv    | Identified the +2 helmet of Rotation {rF+++ Will- Str+6}
 21248 | IceCv    | Reached skill level 5 in Shields
 21489 | D:13     | Found a gate to the Vaults.
 21957 | Orc:1    | Entered Level 1 of the Orcish Mines
 22520 | Orc:2    | Entered Level 2 of the Orcish Mines
 22626 | Orc:2    | Found a staircase to the Elven Halls.
 22727 | Orc:2    | Noticed an orc warlord
 22752 | Orc:2    | Killed an orc warlord
 22843 | Orc:2    | Found a runed translucent gate.
 22843 | Orc:2    | Found a runed translucent gate.
 22843 | Orc:2    | Found a runed translucent gate.
 22845 | Orc:2    | Found an opulent altar of Gozag.
 22845 | Orc:2    | Found Varr's Assorted Antiques.
 22848 | Orc:2    | Noticed brilapsti's ghost (journeyman DrMo)
 22899 | Orc:2    | Found a dark tunnel.
 22913 | Volcano  | Entered a volcano
 23138 | Volcano  | Found a radiant altar of Vehumet.
 23623 | Orc:2    | Noticed an orc warlord
 23666 | Orc:1    | Reached XP level 16. HP: 32/105 MP: 3/21
 24074 | Orc:2    | Paralysed by an orc sorcerer for 5 turns
 25644 | Orc:2    | Found Wine Noe's Antique Armour Shoppe.
 25645 | Orc:2    | Found Ekokh's Antique Weapon Emporium.
 25647 | Orc:2    | Found Mophazepp's General Store.
 25647 | Orc:2    | Found Xeem Pedi's Jewellery Shoppe.
 25833 | Orc:2    | Bought a transparent mace for 208 gold pieces
 25833 | Orc:2    | Identified the +2 mace of Accord {flame, ^Drain Will+++
                  | Dex+2 SInv} (You bought it in a shop on level 2 of the
                  | Orcish Mines)
 25836 | Orc:2    | Bought a glowing plate armour for 676 gold pieces
 25836 | Orc:2    | Bought a shiny plate armour for 676 gold pieces
 25849 | Orc:2    | Bought a phial of floods for 440 gold pieces
 25849 | Orc:2    | Bought a potion of curing for 33 gold pieces
 25850 | Orc:2    | Bought an amulet of regeneration for 510 gold pieces
 26029 | Orc:1    | Killed brilapsti's ghost
 26093 | Orc:2    | Bought a condenser vane for 1120 gold pieces
 26370 | Shoals:1 | Entered Level 1 of the Shoals
 26483 | Shoals:1 | Reached skill level 1 in Evocations
 26716 | Shoals:1 | Found Ruaseits's Armour Shoppe.
 26801 | Shoals:1 | Identified the serpent talisman of the Fuzzy Marlin
                  | {*Corrode rF+ Stlth+}
 26801 | Shoals:1 | Noticed Aizul
 26820 | Shoals:1 | Killed Aizul
 26971 | Shoals:1 | Noticed Donald
 28006 | Shoals:2 | Noticed a kraken
 28015 | Shoals:2 | Killed a kraken
 28419 | Shoals:2 | Found Tyrolo's Antique Weapon Emporium.
 28825 | Shoals:3 | Reached XP level 17. HP: 113/113 MP: 23/23
 29101 | Shoals:3 | Identified the +1 pair of boots of Burnt Fun {Int+3 Dex-3
                  | Stlth+}
 29548 | Shoals:1 | Bought a +0 pair of boots of stealth for 126 gold pieces
 29607 | Shoals:4 | Entered Level 4 of the Shoals
 29697 | Shoals:4 | Reached skill level 5 in Evocations
 29776 | Shoals:4 | Found a white marble altar of Elyvilon.
 29924 | Spider:1 | Entered Level 1 of the Spider Nest
 31144 | Spider:1 | Noticed Roxanne
 31383 | Spider:2 | Noticed Arachne
 31415 | Spider:2 | Killed Arachne
 31610 | Spider:3 | Noticed Asterion
 31813 | Spider:3 | Reached XP level 18. HP: 114/121 MP: 24/24
 32678 | Spider:3 | Killed Asterion
 33127 | D:14     | Noticed Louise
 33140 | Abyss:2  | Cast into level 2 of the Abyss (Louise)
 33549 | Abyss:2  | Noticed a hellephant
 33599 | D:14     | Escaped the Abyss
 33622 | D:14     | Killed Louise
 34449 | D:15     | Entered Level 15 of the Dungeon
 34561 | D:15     | Noticed Agnes
 34569 | D:15     | Killed Agnes
 34612 | D:15     | Found a staircase to the Depths.
 34815 | D:15     | Reached skill level 15 in Armour
 34961 | D:15     | Noticed Josephine
 34968 | D:15     | Killed Josephine
 35103 | D:15     | Noticed Azrael
 35157 | D:15     | Killed Azrael
 35786 | Elf:1    | Entered Level 1 of the Elven Halls
 35797 | Elf:1    | Reached XP level 19. HP: 101/129 MP: 25/25
 35917 | Elf:1    | Identified the orb "Hasch" {*channel, Int+8}
 35970 | Elf:1    | Paralysed by an air elemental for 1 turns
 36130 | Elf:1    | Identified the +3 shortbow "Fokymyv" {freeze, Dex+3}
 36492 | Elf:1    | Paralysed by an air elemental for 1 turns
 37155 | Elf:2    | Found Soagrao's Magic Scroll Emporium.
 37409 | Elf:2    | Found a runed translucent gate.
 37409 | Elf:2    | Found a runed translucent gate.
 37419 | Elf:2    | Found a runed translucent gate.
 37563 | Elf:3    | Entered Level 3 of the Elven Halls
 37970 | Elf:3    | Reached XP level 20. HP: 138/138 MP: 26/26
 42282 | Elf:3    | Identified the +8 great sword "Bapneech" {drain, *Noise
                  | rN+++ Dex-4 SInv}
 42325 | Abyss:3  | Cast into level 3 of the Abyss (a deep elf demonologist)
 42598 | Abyss:3  | Found a shimmering altar of Xom.
 42618 | Abyss:3  | Found a corrupted altar of Lugonu.
 42641 | Abyss:3  | Found a corrupted altar of Lugonu.
 42654 | Abyss:3  | Found a corrupted altar of Lugonu.
 42663 | Abyss:3  | Noticed a bone dragon
 42685 | Abyss:3  | Killed a bone dragon
 42692 | Elf:3    | Escaped the Abyss
 42907 | Elf:3    | Identified the +1 robe "Guolyul" {Harm +Blink Stlth-}
 43065 | Abyss:3  | Cast into level 3 of the Abyss (a deep elf sorcerer)
 43099 | Abyss:3  | Noticed a hellephant
 43222 | Abyss:3  | Noticed an ancient lich
 43229 | Abyss:3  | Killed an ancient lich
 43264 | Abyss:3  | Found a corrupted altar of Lugonu.
 43292 | Abyss:3  | Found a corrupted altar of Lugonu.
 43377 | Abyss:3  | Found an iron altar of Okawaru.
 43488 | Abyss:3  | Found an iron altar of Okawaru.
 43488 | Abyss:3  | Found an iron altar of Okawaru.
 43526 | Abyss:3  | Found a corrupted altar of Lugonu.
 43545 | Abyss:3  | Noticed a bone dragon
 43554 | Abyss:3  | Killed a bone dragon
 43562 | Elf:3    | Escaped the Abyss
 43674 | Elf:3    | Reached XP level 21. HP: 145/145 MP: 27/27
 43845 | Elf:3    | Got The Arcane Secrets of Theurgy
 43867 | Elf:3    | Got the Incunable of a Million Suns
 43887 | Elf:3    | Got the Lessons on Topology and Transfiguration
 43893 | Elf:3    | Got Hafoeles's Lessons on Vexing Striking
 43903 | Elf:3    | Identified the +1 scale mail of Ikuat {Fly rElec Dex+3}
 44225 | Depths:1 | Entered Level 1 of the Depths
 44292 | Depths:1 | Reached skill level 27 in Fighting
 45097 | Depths:1 | Found a gateway to Hell.
 45234 | Depths:1 | Found a one-way gate to the infinite horrors of the Abyss.
 45317 | Depths:1 | Found a hide-covered altar of Uskayaw.
 45367 | Depths:2 | Reached skill level 10 in Shields
 45376 | Depths:2 | Reached skill level 10 in Evocations
 45442 | Depths:2 | Noticed a juggernaut
 45442 | Depths:2 | Noticed a juggernaut
 46065 | Depths:2 | Found a one-way gateway to a ziggurat.
 46166 | Depths:1 | Killed a juggernaut
 46345 | Depths:2 | Found a one-way gate leading to the halls of Pandemonium.
 46386 | Depths:2 | Killed a juggernaut
 46669 | Depths:2 | Noticed a golden dragon
 46676 | Depths:2 | Killed a golden dragon
 46732 | Depths:2 | Reached skill level 5 in Throwing
 46943 | Depths:3 | Noticed Jory
 46954 | Depths:3 | Killed Jory
 47028 | Depths:3 | Noticed a golden dragon
 47045 | Depths:3 | Noticed a caustic shrike
 47047 | Depths:3 | Noticed a caustic shrike
 47052 | Depths:3 | Noticed a caustic shrike
 47055 | Depths:3 | Killed a caustic shrike
 47056 | Depths:3 | Reached XP level 22. HP: 127/152 MP: 28/28
 47062 | Depths:3 | Killed a golden dragon
 47068 | Depths:3 | Killed a caustic shrike
 47079 | Depths:3 | Noticed Parghit
 48018 | Depths:3 | Found an ornate altar of the Wu Jian Council.
 48283 | Depths:3 | Killed a caustic shrike
 48608 | Depths:3 | Got A Tutorial on Spellwork
 49173 | Depths:3 | Killed Parghit
 49787 | Depths:4 | Entered Level 4 of the Depths
 49868 | Depths:4 | Noticed the Enchantress
 49899 | Abyss:3  | Cast into level 3 of the Abyss (the Enchantress)
 50373 | Abyss:3  | Noticed a dread lich
 50383 | Abyss:3  | Killed a dread lich
 50391 | Depths:4 | Escaped the Abyss
 50395 | Depths:4 | Reached skill level 5 in Dodging
 50709 | Slime:1  | Entered Level 1 of the Pits of Slime
 50719 | Slime:1  | Reached XP level 23. HP: 157/157 MP: 29/29
 51028 | Slime:1  | Gained mutation: Your magical capacity is low. (-10% MP) [a
                  | shining eye]
 51031 | Slime:1  | Gained mutation: You are partially covered in iridescent
                  | scales. (AC +2) [a shining eye]
 52057 | Vaults:1 | Entered Level 1 of the Vaults
 52255 | Vaults:1 | Reached skill level 5 in Stealth
 52710 | Vaults:2 | Noticed Margery
 52730 | Vaults:2 | Killed Margery
 52804 | Vaults:1 | Killed the ghostly Margery
 53348 | Vaults:1 | Found Diawao's Distillery.
 53355 | Vaults:1 | Bought a potion of cancellation for 112 gold pieces
 53355 | Vaults:1 | Bought a potion of might for 56 gold pieces
 54094 | Vaults:1 | Identified a scroll of acquirement
 54115 | Vaults:1 | Found a portal to a secret trove of treasure.
 54265 | Vaults:1 | Acquired 938 gold pieces
 54777 | Vaults:2 | Found a staircase to the Crypt.
 54827 | Vaults:2 | Reached XP level 24. HP: 160/162 MP: 26/26
 55427 | Vaults:2 | Identified the staff "Qaucrexi" {rElec rC+ Air}
 57538 | Vaults:4 | Found Ruyfukod's Magic Scroll Shoppe.
 57590 | Vaults:4 | Bought a scroll of fog for 52 gold pieces
 57590 | Vaults:4 | Bought a scroll of fear for 52 gold pieces
 57590 | Vaults:4 | Bought a scroll of teleportation for 39 gold pieces
 57590 | Vaults:4 | Bought a scroll of blinking for 97 gold pieces
 57590 | Vaults:4 | Bought a scroll of teleportation for 39 gold pieces
 57590 | Vaults:4 | Bought a scroll of enchant weapon for 97 gold pieces
 57601 | Vaults:4 | Bought a scroll of revelation for 97 gold pieces
 57601 | Vaults:4 | Bought a scroll of revelation for 97 gold pieces
 58564 | Crypt:1  | Entered Level 1 of the Crypt
 58862 | Crypt:1  | Reached XP level 25. HP: 164/168 MP: 26/26
 59091 | Crypt:1  | Found an ancient bone altar of Kikubaaqudgha.
 59643 | Crypt:2  | Noticed Zenata
 59649 | Crypt:2  | Killed Zenata
 59688 | Crypt:2  | Acquired 874 gold pieces
 59958 | Crypt:2  | Acquired 1049 gold pieces
 60150 | Crypt:2  | Found an ancient bone altar of Kikubaaqudgha.
 60256 | Crypt:3  | Entered Level 3 of the Crypt
 60267 | Crypt:3  | Reached skill level 10 in Stealth
 60311 | Crypt:3  | Noticed a royal mummy
 60322 | Crypt:3  | Noticed Khufu
 60325 | Crypt:3  | Noticed a royal mummy
 60326 | Crypt:3  | Noticed a royal mummy
 60329 | Crypt:3  | Killed a royal mummy
 60984 | Crypt:3  | Reached skill level 15 in Shields
 61477 | Crypt:2  | Killed a royal mummy
 61511 | Crypt:1  | Found an ancient bone altar of Kikubaaqudgha.
 62363 | Crypt:3  | Killed a royal mummy
 62367 | Crypt:3  | Killed Khufu
 62610 | Crypt:3  | Noticed Xtahua
 62626 | Crypt:3  | Killed Xtahua
 63035 | Crypt:3  | Reached skill level 10 in Dodging
 63236 | Crypt:3  | Found the +8 demon blade "Leech" {evervamp, Harm ^Drain
                  | rN+}
 63551 | Crypt:3  | Found a staircase to the Tomb.
 63890 | Vaults:5 | Entered Level 5 of the Vaults
 63925 | Vaults:5 | Reached XP level 26. HP: 112/173 MP: 26/26
 64212 | Vaults:5 | Noticed an ancient lich
 64225 | Vaults:5 | Killed an ancient lich
 64760 | Vaults:5 | Identified the staff of Action {rPois Str+2 Int+2 Dex+4
                  | Alchemy}
 64783 | Vaults:5 | Got a silver rune of Zot
 64915 | Vaults:5 | Identified the ring of the Thieving Enemy {Int+3 SInv}
 64963 | Vaults:5 | Reached skill level 27 in Armour
 64982 | Vaults:5 | Identified the amulet "Ynneygia" {Spirit rF++ SInv}
 64984 | Vaults:5 | Identified the +4 shortbow of Division {speed, rElec rF-
                  | Int+3}
 65059 | Vaults:5 | Identified the +4 rapier "Teyro" {freeze, Int+3}
 65068 | Vaults:5 | Identified the +4 hand cannon of Uncomfortable Rashes
                  | {freeze, rPois}
 65068 | Vaults:5 | Identified the +9 shortbow "Embalmer" {drain, Str+4}
 65119 | Vaults:5 | Identified the +2 hand axe of the Fool {elec, rC- rN+ MP-9
                  | Dex+5}
 65211 | Vaults:5 | Got the Spellbook of Astrapomancy
 66873 | Shoals:4 | Found a glowing silver altar of Zin.
 66881 | Shoals:4 | Identified the staff of Brewing Terror {Str+6 Earth}
 66933 | Shoals:4 | Identified the ring "Ziob" {Wiz Slay+5 Stlth+}
 67055 | Shoals:4 | Got a barnacled rune of Zot
 67297 | Shoals:4 | Found a glowing golden altar of the Shining One.
 67314 | Shoals:4 | Reached XP level 27. HP: 144/179 MP: 26/26
 67622 | Spider:4 | Entered Level 4 of the Spider Nest
 68371 | Spider:4 | Got a gossamer rune of Zot
 68788 | Spider:1 | Killed Roxanne
 69423 | Orc:2    | Bought the ring "Yreewix" {Will+ Dex+6} for 826 gold pieces
 69730 | Depths:4 | Killed the Enchantress
 69797 | Depths:4 | Found a gate to the Realm of Zot.
 70580 | Depths:4 | Noticed a juggernaut
 70591 | Depths:4 | Killed a juggernaut
 70908 | Zot:1    | Entered Level 1 of the Realm of Zot
 71133 | Zot:1    | Reached skill level 10 in Invocations
 72386 | Zot:2    | Noticed an orb of fire
 72394 | Zot:2    | Gained mutation: You are occasionally teleported next to
                  | monsters. [an orb of fire]
 72394 | Zot:2    | Killed an orb of fire
 72395 | Zot:2    | Lost mutation: You are partially covered in iridescent
                  | scales. (AC +2) [potion of mutation]
 72395 | Zot:2    | Lost mutation: You are occasionally teleported next to
                  | monsters. [potion of mutation]
 72395 | Zot:2    | Lost mutation: Your magical capacity is low. (-10% MP)
                  | [potion of mutation]
 72395 | Zot:2    | Gained mutation: You are covered in fur. (AC +1) [potion of
                  | mutation]
 72395 | Zot:2    | Gained mutation: Your flesh is cold resistant. (rC+)
                  | [potion of mutation]
 72395 | Zot:2    | Gained mutation: You are strong-willed. (Will+) [potion of
                  | mutation]
 72879 | Zot:3    | You are sucked into a shaft and drop 1 floor!
 72927 | Zot:5    | Entered Level 5 of the Realm of Zot
 75254 | Zot:4    | Identified the +7 long sword of the Extremes {venom, Int+3
                  | Stlth-}
 75946 | Zot:4    | Identified the +5 dagger of Uhidgh {protect, rPois Str+3}
 76280 | Zot:4    | Noticed an orb of fire
 76286 | Zot:4    | Killed an orb of fire
 76594 | Zot:5    | Paralysed by a Zot trap for 2 turns
 76605 | Zot:5    | Noticed a dread lich
 76612 | Zot:5    | Noticed an orb of fire
 76612 | Zot:5    | Noticed an orb of fire
 76612 | Zot:5    | Noticed an orb of fire
 76613 | Zot:5    | Noticed an orb of fire
 76617 | Zot:5    | Killed a dread lich
 76656 | Zot:5    | Noticed an orb of fire
 76656 | Zot:5    | Killed an orb of fire
 76660 | Zot:5    | Killed an orb of fire
 76666 | Zot:5    | Gained mutation: You sometimes lose your temper in combat.
                  | [an orb of fire]
 76666 | Zot:5    | Killed an orb of fire
 76685 | Zot:5    | Noticed an orb of fire
 76685 | Zot:5    | Noticed an orb of fire
 76686 | Zot:5    | Noticed a dread lich
 76686 | Zot:5    | Gained mutation: You are partially covered in iridescent
                  | scales. (AC +2) [an orb of fire]
 76691 | Zot:5    | Gained mutation: Your body sometimes deteriorates upon
                  | taking damage. [an orb of fire]
 76698 | Zot:5    | Killed an orb of fire
 76698 | Zot:5    | Noticed an orb of fire
 76701 | Zot:5    | Killed an orb of fire
 76701 | Zot:5    | Gained mutation: You occasionally lose the ability to drink
                  | potions when taking damage. [an orb of fire]
 76701 | Zot:5    | Noticed an ancient lich
 76703 | Zot:5    | Gained mutation: Armour fits poorly on your strangely
                  | shaped body. [an orb of fire]
 76704 | Zot:5    | Killed a dread lich
 76704 | Zot:5    | Gained mutation: You have an uncontrollable temper. [an orb
                  | of fire]
 76704 | Zot:5    | Killed an orb of fire
 76717 | Zot:5    | Killed an orb of fire
 76720 | Zot:5    | Killed an ancient lich
 76759 | Zot:4    | Lost mutation: Armour fits poorly on your strangely shaped
                  | body. [potion of mutation]
 76759 | Zot:4    | Lost mutation: You have an uncontrollable temper. [potion
                  | of mutation]
 76759 | Zot:4    | Lost mutation: You occasionally lose the ability to drink
                  | potions when taking damage. [potion of mutation]
 76759 | Zot:4    | Gained mutation: You are dopey. (Int -2) [potion of
                  | mutation]
 76759 | Zot:4    | Gained mutation: Your spells are a little harder to cast,
                  | but a little more powerful. [potion of mutation]
 76759 | Zot:4    | Gained mutation: You have sharp toenails. [potion of
                  | mutation]
 76760 | Zot:4    | Lost mutation: Your flesh is cold resistant. (rC+) [potion
                  | of mutation]
 76760 | Zot:4    | Lost mutation: Your spells are a little harder to cast, but
                  | a little more powerful. [potion of mutation]
 76760 | Zot:4    | Lost mutation: Your body sometimes deteriorates upon taking
                  | damage. [potion of mutation]
 76760 | Zot:4    | Lost mutation: You are covered in fur. (AC +1) [potion of
                  | mutation]
 76760 | Zot:4    | Gained mutation: Your muscles are strong. (Str +4, Int/Dex
                  | -1) [potion of mutation]
 76760 | Zot:4    | Lost mutation: You are strong-willed. (Will+) [potion of
                  | mutation]
 76760 | Zot:4    | Lost mutation: You are dopey. (Int -2) [potion of mutation]
 76761 | Zot:4    | Lost mutation: You have sharp toenails. [potion of
                  | mutation]
 76761 | Zot:4    | Lost mutation: Your muscles are strong. (Str +4, Int/Dex
                  | -1) [potion of mutation]
 76761 | Zot:4    | Lost mutation: You sometimes lose your temper in combat.
                  | [potion of mutation]
 76761 | Zot:4    | Gained mutation: You occasionally lose the ability to read
                  | scrolls when taking damage. [potion of mutation]
 76762 | Zot:4    | Lost mutation: You are partially covered in iridescent
                  | scales. (AC +2) [potion of mutation]
 76762 | Zot:4    | Lost mutation: You occasionally lose the ability to read
                  | scrolls when taking damage. [potion of mutation]
 76762 | Zot:4    | Gained mutation: You are robust. (+10% HP) [potion of
                  | mutation]
 76762 | Zot:4    | Gained mutation: You have sharp toenails. [potion of
                  | mutation]
 76762 | Zot:4    | Gained mutation: You have a pair of small horns on your
                  | head. [potion of mutation]
 76762 | Zot:4    | Gained mutation: You are partially covered in iridescent
                  | scales. (AC +2) [potion of mutation]
 76801 | Zot:5    | Noticed an orb of fire
 76808 | Zot:5    | Killed an orb of fire
 77028 | Zot:5    | Killed an orb of fire
 78609 | Zot:5    | Got the Orb of Zot
 79122 | D:$      | Escaped with the Orb!

Illustrated notes

Levels and vault maps discovered:
D:1:      roderic_octagonal_star, layout_loops_ring, serial_bayou,
          serial_bayou_shore_a, serial_bayou_pond_a, serial_bayou_pond_c,
          serial_bayou_pond_c, hellmonk_ecumenical_altar_blasted
D:2:      layout_basic, basic_altar, st_stairs_9
D:3:      layout_basic, corner_web_ring, nicolae_grassy_gnolls
D:4:      layout_gridville, uniq_eustachio, uniq_pikel, uniq_natasha
D:5:      layout_loops_corners, nicolae_ossuary_entry_false_entrances,
          serial_glass, glass_columns_b, glass_columns_c, glass_columns_a,
          minmay_joined_circles, uniq_sigmund
D:6:      layout_basic, grunt_temple_overflow_open, cheibriados_altar_1,
          minmay_temple_entry_gardened_gates, nrook_mini_backslash
D:7:      layout_cave_pods
D:8:      wander_kiku_kobolds, layout_loops_corners,
          mainiacjoe_overflow_six_doors_small, minmay_gold_behind_fungi
D:9:      nzn_winding_woodlands_small [nzn_winding_woodlands_5x15_pool,
          nzn_winding_woodlands_center_garden, nzn_winding_woodlands_5x15_eye],
          layout_loops_ring, nemelex_spade_bored_becter
D:10:     layout_roguey, mainiacjoe_overflow_small_starburst,
          old_standard_altar, tgw_trog, grunt_ministairs_10, uniq_urug
D:11:     layout_roguey, david_lair_shrubbed, gauntlet_entry_generic,
          hangedman_abyss_or_decor_passed, nicolae_shop_i_like_big_books,
          minmay_mirror_moons_of_madness
D:12:     lemuel_castle_with_subvaults [lemuel_castle_interior_original],
          layout_stronghold, david_orc_2
D:13:     layout_roguey, skrybe_vaults_entry_preservation,
          portal_ice_cave_entry_animals_and_master, uniq_jorgrun
D:14:     layout_loops_ring, small_statue_intersection, uniq_louise
D:15:     gammafunk_depths_entry_grave, layout_loops_corners,
          minmay_misc_feat_tiny, serial_aquarium, aquarium_bridge_square
          [aquarium_subvault_wall, aquarium_subvault_bridge,
          aquarium_subvault_window, aquarium_subvault_bridge],
          aquarium_window_1, aquarium_window_2, aquarium_view_2e,
          aquarium_view_2g, aquarium_balcony_3b, st_stairs_9, uniq_josephine,
          uniq_azrael, uniq_agnes
Lair:1:   layout_roguey [special_room_bee], serial_bayou_lake_a
Lair:2:   layout_hall_layers, nicolae_spider_entry_orb_guardian, uniq_fannar
Lair:3:   nzn_motion_control, layout_chaotic_city,
          minmay_shoals_entry_lonely_mermaid, minmay_shattered_shrine,
          uniq_sonja
Lair:4:   minmay_lair_oklob_chamber, layout_regular_city, slime_entry_1,
          minmay_hedge_maze, grunt_megastairs_2
Lair:5:   minmay_lair_end_frog_pond, layout_loops_ring
Shoals:1: layout_shoals, serial_shops, shop, nicolae_shoals_square_sea_wall,
          nicolae_shoals_secluded_bog, uniq_aizul, uniq_donald
Shoals:2: layout_shoals, serial_shops, shop
Shoals:3: layout_shoals, nicolae_shoals_nautilus_by_nature,
          nicolae_splish_splash
Shoals:4: shoals_end_hellmonk_holy_island
Spider:1: layout_spider_delve, special_room, drop_trap, uniq_roxanne
Spider:2: layout_spider_delve, nicolae_spider_moth_buddies, uniq_arachne
Spider:3: layout_cave_pods, nicolae_spider_baby_got_redback, uniq_asterion
Spider:4: spider_rune_water, hangedman_spider_tarantella_strand
Slime:1:  layout_caves, cheibrodos_slime_lost_civilization_5
Slime:2:  layout_caves
Slime:3:  layout_caves, cheibrodos_slime_lost_civilization_4
Slime:4:  layout_caves
Orc:1:    layout_diamond_mine, basic_altar, nicolae_orc_damp_corner
Orc:2:    st_orc_congregation, layout_caves, ebering_ghost_gozag,
          lightli_volcano_entry_magma_tube
Elf:1:    eino_elf_arrival_the_gate, layout_loops_cross, minmay_elf_annihilation
Elf:2:    nicolae_elf_blades_splatter_lattice [nicolae_blade_entry_pointy_end],
          layout_geoelf_octagon, serial_shops, shop, st_stairs_3,
          hangedman_elven_crosses_minicolossus
Elf:3:    grunt_elf_hall_asides, layout_onion_city
Vaults:1: nicolae_vaults_c_with_doors, nicolae_vaults_house_2,
          nicolae_vaults_storage_room_doors, hangedman_vaults_restitches,
          vaults_room_pools, grunt_vaults_swirl,
          nicolae_vaults_storage_closets_1, ontoclasm_vaults_pinch,
          hangedman_vaults_corner_blocks, hangedman_vaults_maws,
          nicolae_vaults_trapezoid_lopsided_3, nicolae_vaults_six-pack,
          nicolae_vaults_heart-shaped_vault, layout_vaults_maze_snakey,
          serial_shops, nicolae_shop_window_shopping, enter_trove_2
Vaults:2: st_greater_box_3, vaults_dpeg_emergency_exit, nicolae_vaults_cochlea,
          nicolae_vaults_network_quincunx
          [nicolae_vaults_network_quincunx_subvault,
          nicolae_vaults_network_quincunx_subvault,
          nicolae_vaults_network_quincunx_subvault,
          nicolae_vaults_network_quincunx_subvault,
          nicolae_vaults_network_quincunx_subvault],
          nicolae_vaults_network_quinsquares
          [nicolae_vaults_network_quincunx_subvault,
          nicolae_vaults_network_quincunx_subvault,
          nicolae_vaults_network_quincunx_subvault,
          nicolae_vaults_network_quincunx_subvault],
          nicolae_vaults_oval_intersection, minmay_crypt_entry_simple_plaza,
          nicolae_vaults_border_crossing, nicolae_vaults_yaktaur_gun_rack,
          hangedman_vaults_corner, nicolae_vaults_closet_pinwheel_6,
          vaults_room_door_ring, nicolae_vaults_little_squares_3,
          layout_vaults_omnibox, uniq_margery
Vaults:3: v_pattern_5, nicolae_vaults_trapezoid_4, nicolae_vaults_trapezoid_1,
          nicolae_vaults_ring_of_whatevers, nicolae_vaults_what_the_h,
          v_misc_26, nicolae_vaults_tetromino_Z_1,
          nicolae_vaults_antechamber_and_loot_room, v_misc_33,
          nicolae_vaults_circle_grid_a, nicolae_vaults_turnstiles,
          nicolae_vaults_stepped_doors, nicolae_vaults_little_squares_5,
          nicolae_vaults_apartment_2, nicolae_vaults_little_squares_6,
          layout_vaults_ring
Vaults:4: v_misc_15, nicolae_vaults_windows_and_doors_thing, v_misc_16,
          nicolae_vaults_alarming, vaults_room_grunt_arrival_checkpoint,
          ontoclasm_vaults_ring_large, nicolae_vaults_closet_pinwheel_2,
          v_rooms_6, hangedman_vaults_trim, nicolae_vaults_specimen_jars,
          nicolae_vaults_tetromino_Z_1, layout_vaults_quadrants, serial_shops,
          shop
Vaults:5
Crypt:1:  layout_gridlike, basic_altar, grunt_crypt_arrival_guarded_gate,
          lemuel_upstairs_altar
Crypt:2:  layout_regular_city, basic_altar, uniq_zenata
Crypt:3:  due_elkab, layout_chaotic_city, nicolae_tomb_entry_grand_gallery,
          serial_co_window_serial, co_window_corner_a, co_window_corner_a,
          co_window_paths_a, co_window_paths_a, co_window_paths_a,
          co_window_of_opportunity_a, co_window_paths_b, uniq_khufu, uniq_xtahua
Depths:1: layout_basic, abyss_entry_small_statue_room, hell_entry,
          hangedman_abyss_or_decor_slice, nicolae_uskayaw_suspiria,
          roderic_lattice_octagonal_star
Depths:2: cheibrodos_leafed_vault, layout_twisted_cross, enter_ziggurat_a,
          roderic_serpentine_path, grunt_pan_entry_zigzag, grunt_mini_vestibule
Depths:3: grunt_x_marks_the_spot, layout_cave_shapes, pan_entry,
          grunt_hell_entry_dis_old, minmay_parallelograms,
          abyss_entry_glasseish, nicolae_wu_jian_glorious_leap, uniq_parghit,
          uniq_jory
Depths:4: grunt_zot_entry_funnels, layout_gridlike, hellmouth_1, abyss_entry,
          columned_hall_lemuel, uniq_enchantress
Zot:1:    layout_gridlike, regret_index_zotdec_obsidian_hm,
          regret_index_zotdec_stipple_waver, drop_trap, zot_minivault_4
Zot:2:    layout_twisted_circle, regret_index_zotdec_barnacled_simple
Zot:3:    kennysheep_ambush_hall, layout_onion_interference
Zot:4:    cheibrodos_zot_enchanting_chambers, layout_twisted_circle
Zot:5:    layout_gridlike, st_stairs_13, nicolae_zot_crop_circle

Skill      XL: |  1  2  3  4  5  6  7  8  9 10 11 12 13 14 15 16 17 18 19 20 21 22 23 24 25 26 27 |
---------------+----------------------------------------------------------------------------------+-----
Axes           | 2 3 4 5 6 7 8 10 11 12 14 15 16 17 18 | 18.0
Fighting       | 4 6 7 8 10 12 13 14 16 17 19 21 22 24 25 26 27 | 27.0
Stealth        | 2 6 8 10 12 14 | 14.0
Armour         | 4 5 7 8 10 11 12 13 15 16 17 18 19 22 24 26 27 | 27.0
Shields        | 4 6 7 8 10 13 14 15 17 25 | 25.5
Invocations    | 2 4 5 6 7 8 10 | 10.0
Dodging        | 2 3 4 5 6 7 10 12 | 12.0
Throwing       | 2 3 7 8 |  8.0
Evocations     | 3 6 8 12 14 | 14.0

Action                     |  1- 3 |  4- 6 |  7- 9 | 10-12 | 13-15 | 16-18 | 19-21 | 22-24 | 25-27 || total
---------------------------+-------+-------+-------+-------+-------+-------+-------+-------+-------++-------
  Melee: War axe           |    79 |    65 |   184 |   472 |   805 |  1322 |   889 |   923 |  1471 ||  6210
         Whip              |       |       |       |       |    41 |       |       |       |       ||    41
         Headbutt          |       |       |       |       |       |       |       |       |    21 ||    21
  Throw: Dart              |       |       |     2 |     1 |       |     6 |     2 |       |       ||    11
         Javelin           |       |       |       |     4 |       |     1 |     1 |     2 |       ||     8
 Invoke: Ancestor Life: Ba |       |     1 |       |       |       |       |       |       |       ||     1
         Ancestor Identity |       |     1 |       |       |       |       |       |       |       ||     1
         Recall Ancestor   |       |       |     2 |     8 |     3 |    10 |    16 |    10 |    10 ||    59
         Idealise          |       |       |       |     1 |     2 |     1 |     1 |     4 |    10 ||    19
  Evoke: Phantom mirror    |       |       |       |       |     1 |     2 |     1 |     1 |     1 ||     6
         Condenser vane    |       |       |       |       |       |     1 |     1 |     1 |     4 ||     7
         Wand              |       |       |       |       |       |     1 |       |     1 |     3 ||     5
         Phial of floods   |       |       |       |       |       |     1 |       |     1 |       ||     2
         Box of beasts     |       |       |       |       |       |       |       |       |     1 ||     1
    Use: Scroll            |       |       |    16 |     8 |     7 |     8 |    18 |    12 |    10 ||    79
         Potion            |       |       |       |     6 |     4 |     3 |     5 |     1 |    12 ||    31
   Stab: Distracted        |       |       |     3 |     6 |    13 |    13 |     9 |    25 |    47 ||   116
         Invisible         |       |       |       |       |       |     1 |       |       |     2 ||     3
 Armour: Scale mail        |    67 |    73 |    91 |       |       |       |       |       |       ||   231
         Ring mail         |       |       |    47 |   334 |       |       |       |       |       ||   381
         Crystal plate arm |       |       |       |   191 |   866 |  1539 |   951 |   167 |       ||  3714
         Ice dragon scales |       |       |       |       |    58 |       |       |       |       ||    58
         Gold dragon scale |       |       |       |       |       |       |       |   903 |  1766 ||  2669
  Dodge: Dodged            |    46 |    48 |    84 |   192 |   181 |   308 |   194 |   293 |   703 ||  2049
  Block: Buckler           |    22 |    15 |    24 |   115 |   200 |   455 |   274 |   416 |   562 ||  2083
         Reflection        |       |       |       |     1 |    14 |    28 |    21 |    32 |     7 ||   103
         Kite shield       |       |       |       |       |       |       |       |       |   299 ||   299
